AoeStats
← [GG] Shevchenko 7

Golden Pit

508971096Analyzed
1v1 RM · 8d ago on Sep 24, 2026· 44m 17s· 2 players
Game mode
Random Map
Map size
Tiny (2 player)
Population
200
Speed
Normal
Resources
Standard
Victory
Conquest
Starting age
Dark Age
Ending age
Imperial Age
RankedLock teamsTeams togetherTeam positionsShared explorationLock speedFull tech treeHidden civsTurbo modeCheats
Victory
Defeat
🇺🇸 Magyars · United States
1155
+14
🇧🇷 Persians · Brazil
1105
-14
[GG] Shevchenko 7
7:40 Loom
10:44 Feudal Age
21:50 Castle Age
20:51 Scale Barding Armor
20:41 Fletching
22:56 Double-Bit Axe
23:44 Scale Mail Armor
24:29 Horse Collar
25:34 Gold Mining
27:09 Fervor
28:46 Bow Saw
28:32 Stone Mining
28:56 Heavy Plow
35:54 Imperial Age
33:25 Elite Skirmisher
36:06 Chain Barding Armor
35:42 Bodkin Arrow
35:48 Padded Archer Armor
35:57 Husbandry
36:47 Forging
37:37 Ballistics
38:40 Leather Archer Armor
40:05 Plate Barding Armor
40:06 Iron Casting
41:25 Chemistry
42:15 Ring Archer Armor
247272704
11:31 Feudal Age
10:11 Loom
11:59 Horse Collar
12:06 Double-Bit Axe
18:47 Castle Age
17:26 Fletching
18:16 Padded Archer Armor
19:26 Bodkin Arrow
20:06 Bow Saw
20:12 Husbandry
20:31 Gold Mining
20:52 Heavy Plow
22:02 Bloodlines
22:57 Stone Mining
27:28 Ballistics
28:37 Wheelbarrow
28:54 Town Watch
30:10 Thumb Ring
34:39 Imperial Age
33:27 Hand Cart
34:46 Leather Archer Armor
36:12 Parthian Tactics
35:52 Bracer
37:48 Two-Man Saw
38:19 Chemistry
37:55 Parthian Tactics
38:47 Heavy Cavalry Archer
41:37 Ring Archer Armor
41:47 Conscription
41:49 Recurve Bow
42:53 Scale Barding Armor
43:31 Crop Rotation
43:12 Town Patrol
43:11 Murder Holes
43:29 Masonry
45:05 Gold Shaft Mining
Connection lost

Rejoining the realm…

Still unreachable

The connection could not be restored.

Session expired

The server has moved on; the page needs a fresh start.